 Dungeon Crawl Stone Soup version 0.28.0-1-gb440e238dd (webtiles) character file.

Game seed: 2195645981547711132

17766 issech the Carver (level 12, -10/106 HPs)
             Began as a Troll Monk on Feb 27, 2022.
             Was an Elder of Hepliaklqana.
             Mangled by a white ugly thing (30 damage)
             ... on level 11 of the Dungeon.
             The game lasted 00:55:29 (11111 turns).

issech the Carver (Troll Monk)                     Turns: 11111, Time: 00:55:30

Health: -10/106    AC:  7    Str: 26    XL:     12   Next: 21%
Magic:  11/11      EV: 11    Int:  6    God:    Hepliaklqana [****..]
Gold:   145        SH: 15    Dex: 18    Spells: 11/11 levels left

rFire   . . .      SeeInvis .   n - +6 falchion "Worm" {elec, rElec Will+ Str-2}
rCold   . . .      Faith    .   M - +0 tower shield
rNeg    . . .      Spirit   .   b - +0 robe
rPois   +          Reflect  .   (helmet restricted)
rElec   +          Harm     .   h - +2 cloak
rCorr   .          Rampage  .   (gloves unavailable)
Will    ++...                   (boots unavailable)
Stlth   ++........              R - amulet of regeneration
HPRegen 1.87/turn               T - ring of Xom's Whimsicality {rPois Will+ Dex+2}
MPRegen 0.12/turn               v - +6 ring of strength

@: no status effects
A: reduced essence, large, unfitting armour, claws 3, regeneration 1, shaggy fur
1, tough skin 1
a: Renounce Religion, Recall Ancestor, Ancestor Identity, Transference, Idealise


You were on level 11 of the Dungeon.
You worshipped Hepliaklqana.
Hepliaklqana was greatly pleased with you.
You visited 2 branches of the dungeon, and saw 12 of its levels.
You also visited: Sewer and Ossuary.

You collected 813 gold pieces.
You spent 668 gold pieces at shops.

Inventory:

Hand Weapons
 n - the +6 falchion "Worm" (weapon) {elec, rElec Will+ Str-2}
   (You found it on level 3 of the Dungeon)

   It occasionally discharges a powerful burst of electricity upon striking a
   foe.
   Str:       It affects your strength (-2).
   rElec:     It insulates you from electricity.
   Will:      It increases your willpower.
 p - a +0 longbow of freezing
 q - a +1 giant club of draining
 w - the +4 dagger of Lian {freeze, Str+3 Int+3}
   (You found it on level 11 of the Dungeon)

   It freezes those it strikes, dealing additional cold damage.
   It can also slow down cold-blooded creatures.
   Str:       It affects your strength (+3).
   Int:       It affects your intelligence (+3).
 D - a +0 morningstar
 J - a +1 flail of protection
 O - a +4 quarterstaff of chaos
 V - a +4 vorpal trident
 Y - a +0 giant spiked club
 Z - a +1 vorpal hand crossbow
Missiles
 c - 273 stones
 f - 14 boomerangs
 m - 23 poisoned darts
 r - 189 arrows
 u - 104 sling bullets
 x - 4 curare-tipped darts
 I - 52 bolts
 N - 4 throwing nets
 P - 3 large rocks (quivered)
Armour
 b - a +0 robe (worn)
 h - a +2 cloak (worn)
 M - a +0 tower shield (worn)
 W - a +0 kite shield
 X - a +2 cloak
Magical Staves
 g - a staff of earth
Jewellery
 s - a +6 ring of dexterity
 t - a ring of poison resistance
 v - a +6 ring of strength (right claw)
 z - a ring of see invisible
 R - an amulet of regeneration (around neck)
 T - the ring of Xom's Whimsicality (left claw) {rPois Will+ Dex+2}
   (You bought it in a shop on level 11 of the Dungeon)

   [ring of willpower]

   Dex:       It affects your dexterity (+2).
   rPois:     It protects you from poison.
   Will:      It increases your willpower.
Wands
 j - a wand of paralysis (7)
 E - a wand of flame (27)
 G - a wand of iceblast (13)
 Q - a wand of polymorph (2)
 U - a wand of digging (3)
Scrolls
 k - a scroll of amnesia
 o - a scroll of fear
 y - a scroll of holy word
 B - a scroll of brand weapon
 F - a scroll of enchant weapon
 H - a scroll of summoning
 K - 4 scrolls of teleportation
 S - a scroll of blinking
Potions
 a - a potion of magic
 d - 5 potions of curing
 e - a potion of flight
 i - a potion of lignification
 l - 3 potions of heal wounds {unknown}
 A - a potion of mutation {unknown}
 C - a potion of brilliance {unknown}
 L - 2 potions of ambrosia {unknown}


   Skills:
 + Level 7.3 Fighting
 + Level 10.2 Long Blades
 + Level 4.3 Maces & Flails
 + Level 4.4 Throwing
 + Level 7.9 Dodging
 + Level 3.1 Stealth
 + Level 6.3 Shields


You had 11 spell levels left.
You didn't know any spells.
Your spell library contained the following spells:

 Spells                   Type           Power      Damage    Failure   Level
 Slow                     Hex            0%         N/A       95%         1
 Confusing Touch          Hex            0%         N/A       100%        3
 Gell's Gravitas          Tloc           0%         N/A       100%        3
 Inner Flame              Hex/Fire       0%         N/A       100%        3
 Lesser Beckoning         Tloc           0%         N/A       100%        3
 Stone Arrow              Conj/Erth      0%         3d7       100%        3
 Teleport Other           Tloc           0%         N/A       100%        3
 Vampiric Draining        Necr           0%         2d6       100%        3
 Animate Armour           Summ/Erth      0%         N/A       100%        4
 Cause Fear               Hex            0%         N/A       100%        4
 Passage of Golubria      Tloc           0%         N/A       100%        4
 Silence                  Hex/Air        0%         N/A       100%        5
 Discord                  Hex            0%         N/A       100%        8
 Lehudib's Crystal Spear  Conj/Erth      0%         10d2      100%        8


Dungeon Overview and Level Annotations

Branches:
Dungeon (11/15)            Temple (1/1) D:7            Lair (0/6) D:9
  Sewer (visited)         Ossuary (visited)
    Orc: D:9-12

Altars:
Ashenzari
Cheibriados
Dithmenos
Elyvilon
Fedhas
Gozag
Hepliaklqana
Kikubaaqudgha
Makhleb
Nemelex Xobeh
Okawaru
Qazlal
Ru
Sif Muna
Trog
Uskayaw
Vehumet
Wu Jian
Xom
Yredelemnul
Zin
The Shining One
Beogh

Shops:
D:7 [   D:9 (   D:11 =


Innate Abilities, Weirdness & Mutations

Your life essence is reduced to manifest your ancestor. (-10% HP)
You are too large for most types of armour.
You have claws for hands.
Your natural rate of healing is unusually fast.
You are covered in fur. (AC +1)
You have tough skin. (AC +1)


Message History

The white ugly thing is moderately wounded.
The white ugly thing tail-slaps you! The white ugly thing freezes you!!
The hornet buzzes angrily.
You hit the white ugly thing but do no damage.
The white ugly thing is moderately wounded.
You hear a shout! x2
You block the white ugly thing's attack.
You completely miss the white ugly thing.
The white ugly thing is moderately wounded.
You block the white ugly thing's attack.
You hit the white ugly thing but do no damage.
The white ugly thing is moderately wounded.
A shadow comes into view.
You block the white ugly thing's attack.
The white ugly thing barely misses you.
The shadow moves out of view.
You slice the white ugly thing!!
The white ugly thing is heavily wounded.
The white ugly thing barely misses you.
You slash the white ugly thing!
The white ugly thing is severely wounded.
You block the white ugly thing's attack.
You closely miss the white ugly thing.
The white ugly thing is severely wounded.
The white ugly thing tail-slaps you. The white ugly thing freezes you!
You slash the white ugly thing!
The white ugly thing is almost dead.
You block the white ugly thing's attack.
You hit the white ugly thing.
The white ugly thing is almost dead.
The white ugly thing tail-slaps you! The white ugly thing freezes you!
* * * LOW HITPOINT WARNING * * *
You closely miss the white ugly thing.
The white ugly thing is almost dead.
The white ugly thing tail-slaps you but does no damage.
You slash the white ugly thing!
The white ugly thing is almost dead.
The white ugly thing tail-slaps you.
* * * LOW HITPOINT WARNING * * *
The white ugly thing freezes you!!
You die...

##.####.# . #. ..# #.#
##.# . . .# #..#
#.###..###.### .##..#
#.##..##.#.#.## .#..#
##....##.#.#.#.## ...
.....##.#.#.#.#.####.###
####.#.#.#.#.#.#.#))...#
#.##.#.#.#.#.##QT..##
#..)#.#.#.#.#@uTy#[.Q...
#)##.#.#.#.#.###W...#...
####.#.#.#.#.#.#.#...:!#
.T
.....##.#†#.#.#.####.###
. ####..##.#.#.#.## #.
##..##.#.#.## ##
#...###.### #.#.# ...
#.#.#.###.


You could see a white ugly thing, a tengu warrior, 2 trolls, a hornet and a
shadow.

Vanquished Creatures
  Harold (D:7)
  2 boulder beetles
  2 centaur warriors
  A death knight (D:11)
  4 two-headed ogres
  A skeletal warrior (D:9)
  Pikel (D:8)
  Maurice (D:9)
  A gargoyle (D:10)
  Psyche (D:8)
  2 kobold demonologists (D:10)
  A freezing wraith (D:11)
  3 trolls
  2 hornets (D:9)
  Sigmund (D:6)
  14 yaks (D:9)
  3 vampire mosquitoes
  Edmund (D:6)
  A steam dragon (D:7)
  3 wargs (D:8)
  Menkaure (D:5)
  5 water moccasins
  3 sky beasts
  5 orc warriors (D:9)
  2 black bears
  2 ice beasts
  3 ogres
  2 centaurs
  2 phantoms (D:5)
  A lemure (D:8)
  4 kobold brigands
  2 gnoll sergeants
  A wyvern zombie (D:9)
  5 scorpions
  2 killer bees
  10 wights
  3 howler monkeys
  2 bullfrog zombies (D:6)
  4 centaur zombies
  7 orc priests
  Crazy Yiuf (D:7)
  A centaur skeleton (D:6)
  2 hounds
  A human zombie (Ossuary)
  A jelly (D:4)
  A gnoll shaman (D:7)
  2 bullfrog skeletons
  An iguana (D:5)
  11 orc wizards
  A centaur simulacrum (D:9)
  3 mummies
  4 howler monkey zombies
  A howler monkey skeleton (D:5)
  11 gnolls
  5 adders
  A shadow imp (D:5)
  A white imp (D:6)
  An ufetubus (D:2)
  An adder skeleton (D:4)
  A worm (D:4)
  4 dart slugs
  20 orcs
  10 ball pythons
  6 bats
  3 endoplasms
  10 giant cockroaches
  8 goblins
  9 hobgoblins
  4 jackals
  5 quokkas
  A frilled lizard (D:1)
  4 gnoll zombies (Ossuary)
  2 goblin zombies (Ossuary)
  5 hobgoblin zombies (Ossuary)
  11 kobolds
  2 orc zombies (Ossuary)
  A quokka skeleton (D:4)
  7 rats
275 creatures vanquished.

Vanquished Creatures (collateral kills)
  A hornet zombie (D:7)
  2 gnolls (D:6)
  A butterfly (D:7)
4 creatures vanquished.

Vanquished Creatures (others)
  7 fungi
  A plant (D:9)
8 creatures vanquished.

Grand Total: 287 creatures vanquished

Notes
Turn   | Place    | Note
-------+----------+-------------------------------------------
     0 | D:1      | issech the Troll Monk began the quest for the Orb.
     0 | D:1      | Reached XP level 1. HP: 22/22 MP: 0/0
   102 | D:1      | Reached XP level 2. HP: 29/29 MP: 1/1
   281 | D:1      | Found a faded altar of an unknown god.
   563 | D:1      | Reached XP level 3. HP: 36/36 MP: 2/2
  1365 | D:2      | Reached XP level 4. HP: 28/44 MP: 3/3
  1701 | D:3      | Identified the +6 falchion "Worm" {elec, rElec Will+ Str-2}
  2062 | D:4      | Noticed an ogre
  2070 | D:4      | Killed an ogre
  2071 | D:4      | Reached skill level 1 in Throwing
  2071 | D:4      | Reached XP level 5. HP: 21/53 MP: 4/4
  2285 | D:4      | Noticed a black bear
  2298 | D:4      | Killed a black bear
  2300 | D:4      | Reached XP level 6. HP: 61/61 MP: 5/5
  2308 | D:4      | Reached skill level 1 in Long Blades
  2913 | D:5      | Entered Level 5 of the Dungeon
  2955 | D:5      | Reached skill level 2 in Long Blades
  2991 | D:5      | Reached XP level 7. HP: 25/67 MP: 6/6
  3349 | D:5      | Noticed Menkaure
  3354 | D:5      | Killed Menkaure
  3355 | D:5      | Reached skill level 3 in Long Blades
  3659 | D:5      | Found a shimmering blue altar of Sif Muna.
  3661 | D:5      | Found a shimmering altar of Xom.
  3673 | D:5      | Found an iron altar of Okawaru.
  3674 | D:5      | Found a snail-covered altar of Cheibriados.
  3776 | D:6      | Reached XP level 8. HP: 77/78 MP: 7/7
  3794 | D:6      | Reached skill level 4 in Long Blades
  3830 | D:6      | HP: 1/78 [vampire mosquito (6)]
  3840 | D:5      | HP: 1/78 [vampire mosquito (5)]
  4118 | D:6      | Found a glowing drain.
  4134 | Sewer    | Entered a sewer
  4550 | D:6      | Reached skill level 5 in Long Blades
  4644 | D:6      | Reached skill level 5 in Dodging
  4666 | D:6      | Noticed Edmund
  4684 | D:6      | Killed Edmund
  4685 | D:6      | Reached XP level 9. HP: 68/85 MP: 8/8
  4819 | D:6      | Noticed Sigmund
  4830 | D:6      | Killed Sigmund
  4831 | D:6      | Reached skill level 6 in Long Blades
  5144 | D:7      | Noticed Harold
  5166 | D:7      | Found Bicaaf's Antique Armour Emporium.
  5256 | D:7      | Bought a tower shield for 103 gold pieces
  5313 | D:7      | Killed Harold
  5314 | D:7      | Reached skill level 5 in Fighting
  5314 | D:7      | Reached skill level 7 in Long Blades
  5484 | D:7      | Reached XP level 10. HP: 88/97 MP: 9/9
  5531 | D:7      | Found a staircase to the Ecumenical Temple.
  5539 | Temple   | Entered the Ecumenical Temple
  5578 | Temple   | Became a worshipper of Hepliaklqana the Forgotten
  5578 | Temple   | Reached * piety under Hepliaklqana
  5578 | Temple   | Reached ** piety under Hepliaklqana
  5579 | Temple   | Remembered your ancestor Yadidatum as a battlemage
  6006 | D:7      | Found a runed translucent door.
  6007 | D:7      | Noticed Crazy Yiuf
  6014 | D:7      | Killed Crazy Yiuf
  6373 | D:8      | Found a sand-covered staircase.
  6381 | Ossuary  | Entered an ossuary
  6601 | D:8      | Noticed Pikel
  6616 | D:8      | Killed Pikel
  6617 | D:8      | Reached skill level 1 in Shields
  6733 | D:8      | Noticed a two-headed ogre
  6744 | D:8      | Killed a two-headed ogre
  6745 | D:8      | Reached skill level 8 in Long Blades
  6791 | D:8      | Noticed Psyche
  6803 | D:8      | Killed Psyche
  7781 | D:9      | Found Umuuc's Weapon Shoppe.
  8066 | D:9      | Noticed a boulder beetle
  8167 | D:9      | Killed a boulder beetle
  8244 | D:9      | Noticed a skeletal warrior
  8252 | D:9      | Reached XP level 11. HP: 51/94 MP: 10/10
  8257 | D:9      | Killed a skeletal warrior
  8619 | D:9      | Reached skill level 9 in Long Blades
  8722 | D:9      | Found a staircase to the Lair.
  9065 | D:9      | Paralysed by a hornet for 3 turns
  9333 | D:9      | Reached *** piety under Hepliaklqana
  9518 | D:9      | Noticed Maurice
  9530 | D:9      | Killed Maurice
  9635 | D:10     | Entered Level 10 of the Dungeon
  9648 | D:10     | Noticed a two-headed ogre
  9664 | D:10     | Killed a two-headed ogre
  9665 | D:10     | Reached skill level 5 in Shields
  9825 | D:10     | Noticed a centaur warrior
  9838 | D:10     | Killed a centaur warrior
 10038 | D:10     | Noticed a two-headed ogre
 10045 | D:10     | Killed a two-headed ogre
 10234 | D:10     | Found a runed translucent door.
 10287 | D:10     | Reached skill level 10 in Long Blades
 10612 | D:10     | Reached **** piety under Hepliaklqana
 10832 | D:11     | Noticed a death knight
 10832 | D:11     | Noticed a centaur warrior
 10843 | D:11     | Killed a centaur warrior
 10844 | D:11     | Reached XP level 12. HP: 102/106 MP: 11/11
 10860 | D:11     | Killed a death knight
 10872 | D:11     | Noticed a boulder beetle
 10938 | D:11     | Found Dithrizy's Jewellery Emporium.
 10940 | D:11     | Noticed a two-headed ogre
 10948 | D:11     | Killed a two-headed ogre
 10956 | D:11     | Bought the ring of Xom's Whimsicality {rPois Will+ Dex+2}
                  | for 565 gold pieces
 11049 | D:11     | Noticed a boulder beetle
 11056 | D:11     | Killed a boulder beetle
 11088 | D:11     | Identified the +4 dagger of Lian {freeze, Str+3 Int+3}
 11095 | D:11     | Noticed a tengu warrior
 11111 | D:11     | Mangled by a white ugly thing

Illustrated notes

Levels and vault maps discovered:
D:1:      psy_arrival_radial01, layout_basic, shapermc_ecumenical_altar_gd
D:2:      layout_loops_ring, minmay_goblin_outpost
D:3:      layout_rooms, nicolae_figureground_pulse
D:4:      layout_basic, minmay_three_crescents
D:5:      layout_basic, minitemple, uniq_menkaure
D:6:      layout_gridville, gup_sewer_entry_pipe, uniq_sigmund, uniq_edmund
D:7:      layout_rooms, minmay_temple_entry_butterflies, serial_shops,
          nicolae_stop_n_shop_1, uniq_harold, uniq_crazy_yiuf_cottage
D:8:      layout_basic, gup_ossuary_entry_pyramid, uniq_pikel, uniq_psyche
D:9:      nzn_winding_woodlands_cross [nzn_winding_woodlands_5x15_cabin,
          nzn_winding_woodlands_5x15_longhouse, nzn_winding_woodlands_5x15_eye,
          nzn_winding_woodlands_5x15_pool,
          nzn_winding_woodlands_15x15_boxy_spiral], layout_basic,
          erik_lair_orcish_takeover, serial_shops, nicolae_stop_n_shop_2,
          uniq_maurice
D:10:     kennysheep_blocky_hall, layout_irregular_city, lightli_church_of_beogh
D:11:     minmay_the_grid_octo_tiled_squarecenter
          [minmay_the_grid_octo_checkered, minmay_the_grid_octo_fan_narrow,
          minmay_the_grid_octo_vomiting_pacman, minmay_the_grid_octo_pinwheel,
          minmay_the_grid_square_5x5_megaprize_crossed,
          minmay_the_grid_square_5x5_plus, minmay_the_grid_square_5x5_minibox,
          minmay_the_grid_square_5x5_shrine2, minmay_the_grid_square_5x5_forky],
          layout_loops_ring, minmay_orc_entry_guard_dogs, serial_shops, shop
Temple:   dpeg_five_rooms_temple

Skill      XL: |  1  2  3  4  5  6  7  8  9 10 11 12 |
---------------+-------------------------------------+-----
Maces & Flails | 3 4 |  4.3
Dodging        | 3 4 5 6 7 |  7.9
Fighting       | 3 4 5 6 7 |  7.3
Throwing       | 1 2 3 4 |  4.4
Long Blades    | 2 3 5 7 8 10 | 10.2
Stealth        | 2 3 |  3.1
Shields        | 3 5 6 |  6.3

Action                   |  1- 3 |  4- 6 |  7- 9 | 10-12 || total
-------------------------+-------+-------+-------+-------++-------
Melee: Mace              |   156 |     7 |       |       ||   163
       Punch             |     1 |       |     5 |       ||     6
       Falchion          |       |    60 |   202 |   599 ||   861
Throw: Boomerang         |     6 |    18 |    33 |    10 ||    67
       Stone             |     1 |       |       |       ||     1
       Large rock        |       |       |       |     9 ||     9
Invok: Ancestor Life: Ba |       |       |       |     1 ||     1
  Use: Scroll            |       |       |    10 |     7 ||    17
       Potion            |       |       |       |     1 ||     1
 Stab: Sleeping          |     1 |     2 |     1 |     4 ||     8
       Distracted        |       |       |     1 |     2 ||     3
Armor: Robe              |    69 |    22 |    79 |   114 ||   284
Dodge: Dodged            |   116 |    41 |   139 |   171 ||   467
Block: Tower shield      |       |       |    21 |   443 ||   464
